 Dungeon Crawl Stone Soup version 0.28.0-53-g5a82cb258f (webtiles) character file.

Game seed: 16877547810740346190

803 lipcutter the Chopper (level 7, 0/91 HPs)
             Began as a Minotaur Berserker on July 21, 2022.
             Was a Priest of Trog.
             Succumbed to a hornet's poison
             ... on level 8 of the Dungeon.
             The game lasted 00:08:47 (4959 turns).

lipcutter the Chopper (Minotaur Berserker)          Turns: 4959, Time: 00:08:47

Health: 0/91       AC:  7    Str: 24    XL:     7   Next: 59%
Magic:  6/6        EV: 11    Int:  4    God:    Trog [***...]
Gold:   196        SH:  8    Dex: 15    Spells: 6/6 levels left

rFire   . . .      SeeInvis .   a - +3 hand axe (vamp)
rCold   . . .      Faith    .   h - +0 kite shield
rNeg    . . .      Spirit   .   n - +0 ring mail
rPois   .          Reflect  .   (helmet restricted)
rElec   .          Harm     .   (no cloak)
rCorr   .          Rampage  .   (no gloves)
Will    .....                   l - +0 pair of boots
Stlth   ..........              (no amulet)
HPRegen 0.25/turn               k - +6 ring of dexterity
MPRegen 0.10/turn               (no ring)

@: berserking (expiring), lethally poisoned (0 -> -4), slowed
A: horns 2, retaliatory headbutt
a: Renounce Religion, Berserk, Trog's Hand


You were on level 8 of the Dungeon.
You worshipped Trog.
Trog was most pleased with you.
You visited 1 branch of the dungeon, and saw 7 of its levels.

You collected 196 gold pieces.

Inventory:

Hand Weapons
 a - a +3 vampiric hand axe (weapon)
Armour
 b - a +0 animal skin
 h - a +0 kite shield (worn)
 l - a +0 pair of boots (worn)
 n - a +0 ring mail (worn)
Jewellery
 f - an amulet of faith
 k - a +6 ring of dexterity (left hand)
Wands
 d - a wand of flame (36)
Scrolls
 c - a scroll of vulnerability
 m - 2 scrolls of immolation
 q - a scroll of identify
Potions
 e - 3 potions of cancellation {unknown}
 g - 2 potions of heal wounds
 i - a potion of haste
 j - a potion of brilliance {unknown}
 o - a potion of might {unknown}
 p - a potion of attraction {unknown}


   Skills:
 + Level 5.6 Fighting
 + Level 7.4 Axes
 + Level 4.8 Armour
 + Level 4.0 Dodging
 - Level 1.4 Stealth
 + Level 2.3 Shields


You had 6 spell levels left.
You didn't know any spells.
Your spell library was empty.

Dungeon Overview and Level Annotations

Branches:
Dungeon (6/15)
 Temple: D:4-7

Altars:
Fedhas
Okawaru
Qazlal
Trog
Wu Jian
Yredelemnul
Zin
The Shining One

Shops:
D:2 ?   D:4 ![


Innate Abilities, Weirdness & Mutations

You have a pair of horns on your head.
You reflexively headbutt those who attack you in melee.


Message History

The hornet barely misses you. You block the hornet's attack.
You slash the hornet!
The hornet is heavily wounded.
You slash the orc!
You kill the orc!
Trog accepts your kill. The orc warrior barely misses you.
The hornet stings you.
You are poisoned.
You suddenly lose the ability to move!
You feel very sick.
The hornet stings you but does no damage.
The orc hits you with a +0 club.
The orc warrior hits you from afar with a +0 glaive!!
You can move again.
You closely miss the hornet.
The hornet is heavily wounded.
You slash the orc!
You feel better.
You kill the orc!
Trog accepts your kill.
You feel sick. The hornet stings you!
You feel yourself slow down.
The orc warrior hits you from afar with a +0 glaive.
You barely miss the hornet.
The hornet is heavily wounded.
You feel yourself speed up.
You feel sick. The hornet stings you.
You feel yourself slow down. You block the hornet's attack.
The orc warrior hits you from afar with a +0 glaive!!
* * * LOW HITPOINT WARNING * * *
You completely miss the hornet. You headbutt the hornet!
The hornet is severely wounded.
You feel yourself speed up.
You feel sick. The hornet stings you.
* * * LOW HITPOINT WARNING * * *
You feel yourself slow down.
The orc warrior hits you from afar with a +0 glaive!!
* * * LOW HITPOINT WARNING * * *
The hornet closely misses you.
You barely miss the hornet.
The hornet is severely wounded.
You die...

#.......#
#.......#
#.......#
#.......#
##+####.......##
#.......o.......
#.......y)......
#.......@)......
#...............
##+####.........
#.......##
..........
######.#### .#
..


You could see a hornet and an orc warrior.

Vanquished Creatures
  A sky beast (D:5)
  A black bear (D:5)
  A necrophage (D:4)
  2 scorpions (D:5)
  A jelly (D:4)
  An orc priest (D:5)
  Jessica (D:2)
  An orc wizard (D:4)
  Natasha (thrice) (D:4)
  2 iguanas
  A killer bee zombie (D:5)
  3 gnolls (D:5)
  4 adders
  An ufetubus (D:4)
  An adder skeleton (D:4)
  A worm (D:4)
  2 dart slugs (D:4)
  5 orcs
  3 ball pythons
  6 endoplasms
  5 giant cockroaches
  9 goblins
  6 hobgoblins
  4 jackals
  4 quokkas
  5 bats
  4 frilled lizards
  6 kobolds
  5 rats
89 creatures vanquished.

Notes
Turn   | Place    | Note
-------+----------+-------------------------------------------
     0 | D:1      | lipcutter the Minotaur Berserker began the quest for the
                  | Orb.
     0 | D:1      | Reached XP level 1. HP: 19/19 MP: 0/0
   277 | D:1      | Found a faded altar of an unknown god.
   297 | D:1      | Reached skill level 4 in Axes
   316 | D:1      | Reached XP level 2. HP: 26/27 MP: 1/1
   864 | D:1      | Reached XP level 3. HP: 28/33 MP: 2/2
  1003 | D:2      | Found Tezat's Magic Scroll Boutique.
  1117 | D:2      | Noticed Jessica
  1124 | D:2      | Killed Jessica
  1581 | D:2      | Reached XP level 4. HP: 36/41 MP: 3/3
  1661 | D:2      | Reached ** piety under Trog
  2118 | D:2      | Reached skill level 5 in Axes
  3020 | D:4      | Noticed Natasha
  3025 | D:4      | Noticed a necrophage
  3026 | D:4      | Killed Natasha
  3027 | D:4      | Reached XP level 5. HP: 34/47 MP: 4/4
  3032 | D:4      | Killed a necrophage
  3033 | D:4      | Reached skill level 1 in Stealth
  3139 | D:4      | Found Giubbemy's Distillery.
  3196 | D:4      | Reached skill level 6 in Axes
  3215 | D:4      | Noticed Natasha
  3223 | D:4      | Killed Natasha
  3224 | D:4      | Reached skill level 5 in Fighting
  3224 | D:4      | Reached XP level 6. HP: 56/56 MP: 5/5
  3227 | D:4      | Reached skill level 1 in Shields
  3236 | D:4      | Noticed Natasha
  3251 | D:4      | Killed Natasha
  3591 | D:4      | Found a stormy altar of Qazlal.
  3662 | D:4      | Found Hewkoibb's Armour Emporium.
  3792 | D:5      | Entered Level 5 of the Dungeon
  3805 | D:5      | Reached *** piety under Trog
  4065 | D:5      | Reached XP level 7. HP: 61/61 MP: 6/6
  4209 | D:5      | Reached skill level 7 in Axes
  4255 | D:5      | Found an ornate altar of the Wu Jian Council.
  4260 | D:5      | Found an iron altar of Okawaru.
  4362 | D:5      | Found a bloodstained altar of Trog.
  4362 | D:5      | Found a blossoming altar of Fedhas.
  4372 | D:5      | Found a glowing silver altar of Zin.
  4618 | D:5      | Found a basalt altar of Yredelemnul.
  4624 | D:5      | Found a glowing golden altar of the Shining One.
  4626 | D:5      | Noticed an angel
  4948 | D:6      | You fall into a shaft and drop 2 floors!
  4949 | D:8      | Noticed a hornet
  4954 | D:8      | Paralysed by a hornet for 1 turns
  4958 | D:8      | HP: 1/91 [orc warrior/+0 glaive (19)]
  4959 | D:8      | Succumbed to a hornet's poison

Illustrated notes

Levels and vault maps discovered:
D:1:      lemuel_arrival_broad_hall, layout_loops_ring,
          hellmonk_ecumenical_altar_zigzags
D:2:      layout_basic, serial_shops, shop_scrolls, serial_corexii_hall,
          chequers_hall_statues_y, chequers_hall_statues_wall_a, uniq_jessica
D:3:      layout_basic
D:4:      minmay_diamond_boxcup, layout_cave_pools, grunt_qazlal_clouds,
          serial_shops, nicolae_stop_n_shop_2, shop, minmay_vboxes, uniq_natasha
D:5:      layout_loops_ring, grunt_temple_overflow_holy_war,
          nicolae_overflow_hallway_of_the_gods
D:6:      layout_gridville, uniq_blork_the_orc, uniq_crazy_yiuf_cottage
D:8:      layout_basic, david_lair_generic, uniq_erica, uniq_grum,
          uniq_prince_ribbit1

Skill      XL: |  1  2  3  4  5  6  7 |
---------------+----------------------+-----
Axes           | 4 5 6 7 |  7.4
Fighting       | 4 5 |  5.6
Dodging        | 3 4 |  4.0
Stealth        | 1 |  1.4
Armour         | 3 4 |  4.8
Shields        | 1 2 |  2.3

Action                   |  1- 3 |  4- 6 |  7- 9 || total
-------------------------+-------+-------+-------++-------
Melee: Hand axe          |    51 |   123 |    31 ||   205
       Headbutt          |     7 |    19 |     5 ||    31
Invok: Berserk           |       |     2 |     1 ||     3
  Use: Scroll            |     3 |     8 |       ||    11
       Potion            |     1 |       |       ||     1
 Stab: Sleeping          |       |     1 |       ||     1
Armor: Animal skin       |     8 |     4 |       ||    12
       Ring mail         |       |    26 |    11 ||    37
Dodge: Dodged            |    39 |    65 |    15 ||   119
Block: Kite shield       |       |    38 |    14 ||    52
